 Seeded DCSS version 0.29.1-1-gd02db6906a (webtiles) character file.

Game seed: 2387645567842811425 (custom seed)

16 lonewolfV2 the Trooper (level 2, 0/24 HPs)
             Began as a Demonspawn Berserker on Oct 18, 2022.
             Was a Follower of Trog.
             Slain by a gnoll
             ... wielding a +0 flail
              (6 damage)
             ... on level 1 of the Dungeon.
             The game lasted 00:01:08 (322 turns).

lonewolfV2 the Trooper (Demonspawn Berserker)        Turns: 322, Time: 00:01:08

Health: 0/24       AC:  6    Str: 17    XL:     2   Next: 41%
Magic:  2/2        EV: 16    Int:  8    God:    Trog [*.....]
Gold:   14         SH:  0    Dex: 16    Spells: 1/1 levels left

rFire   . . .      SeeInvis .   a - +0 falchion
rCold   x . .      Faith    .   (no shield)
rNeg    . . .      Spirit   .   b - +0 animal skin
rPois   .          Reflect  .   (no helmet)
rElec   .          Harm     .   (no cloak)
rCorr   .          Rampage  .   (no gloves)
Will    .....                   (no boots)
Stlth   +.........              (no amulet)
HPRegen 0.08/turn               c - ring "Arit" {Fly rC- AC+4 Dex+4}
MPRegen 0.08/turn               d - +4 ring of evasion

@: flying
A: foul stench 1
a: Renounce Religion, Berserk


You were on level 1 of the Dungeon.
You worshipped Trog.
Trog was aware of your devotion.
You visited 1 branch of the dungeon, and saw 1 of its levels.

You collected 14 gold pieces.

Inventory:

Hand Weapons
 a - a +0 falchion (weapon)
Armour
 b - a +0 animal skin (worn)
Jewellery
 c - the ring "Arit" (left hand) {Fly rC- AC+4 Dex+4}
   (You acquired it on level 1 of the Dungeon)

   [ring of protection]

   AC:        It affects your AC (+4).
   Dex:       It affects your dexterity (+4).
   rC:        It makes you vulnerable to cold.
   Fly:       It grants you flight.
 d - a +4 ring of evasion (right hand)
Potions
 e - a potion of magic {unknown}


   Skills:
 + Level 3.2 Fighting
 + Level 2.9 Long Blades
 + Level 2.0 Armour
 + Level 2.0 Dodging


You had one spell level left.
You didn't know any spells.
Your spell library was empty.

Dungeon Overview and Level Annotations

Branches:
Dungeon (1/15)

Altars:


Innate Abilities, Weirdness & Mutations

You may rarely emit foul miasma when damaged in melee.


Message History

You slash the dart slug!
You kill the dart slug!
Trog accepts your kill.
You hear a shout!
A gnoll comes into view. It is wielding a +0 flail.
Found a ruby potion.
The gnoll shouts!
You see here a dart slug corpse.
The jackal bites you but does no damage.
You hit the jackal.
You kill the jackal!
Trog accepts your kill.
You barely miss the jackal. The jackal barely misses you.
The jackal bites you but does no damage.
You barely miss the jackal. The jackal misses you.
A hobgoblin comes into view.
The jackal bites you but does no damage.
The gnoll hits you with a +0 flail.
You barely miss the jackal.
The jackal bites you but does no damage.
The gnoll hits you with a +0 flail.
You closely miss the gnoll. The jackal barely misses you. The gnoll misses you.
The jackal closely misses you.
You hit the gnoll but do no damage. The jackal completely misses you.
The gnoll hits you with a +0 flail!
* * * LOW HITPOINT WARNING * * *
The jackal barely misses you.
You hit the gnoll.
The gnoll is moderately wounded.
The jackal misses you. The gnoll misses you.
An endoplasm comes into view.
The endoplasm quivers.
You hit the gnoll.
The gnoll is moderately wounded.
The jackal bites you but does no damage.
The gnoll hits you with a +0 flail.
* * * LOW HITPOINT WARNING * * *
The jackal bites you but does no damage.
The gnoll hits you with a +0 flail.
You die...

...###.........................
#### #..............##......
#..............##......
#..............##......
###........[.....# ...
#.........####+### ...
#.........####.#
#....####.....g####..
+.......'...†@h...J.#
#....##.#....g.......
#....##.######....### #....##.#
!...# #....##.# ....# ####
##+#.##.# ....# ... #.##.#
....# .. #. #.. ....# ###. #..
#. #...


You could see a gnoll, an endoplasm, a jackal and a hobgoblin.

Vanquished Creatures
  A dart slug (D:1)
  2 endoplasms (D:1)
  2 giant cockroaches (D:1)
  A hobgoblin (D:1)
  A jackal (D:1)
  2 quokkas (D:1)
  A ball python (D:1)
  A bat (D:1)
  A kobold (D:1)
  A rat (D:1)
13 creatures vanquished.

Notes
Turn   | Place    | Note
-------+----------+-------------------------------------------
     0 | D:1      | lonewolfV2 the Demonspawn Berserker began the quest for the
                  | Orb.
     0 | D:1      | Reached XP level 1. HP: 18/18 MP: 1/1
    78 | D:1      | Identified a scroll of acquirement
    78 | D:1      | Acquired the ring "Arit" {Fly rC- AC+4 Dex+4}
   237 | D:1      | Gained mutation: You may rarely emit foul miasma when
                  | damaged in melee. [demonic ancestry]
   237 | D:1      | Reached XP level 2. HP: 24/24 MP: 2/2
   252 | D:1      | Found a faded altar of an unknown god.
   322 | D:1      | Slain by a gnoll

Illustrated notes

Levels and vault maps discovered:
D:1:      lemuel_arrival_room, layout_basic, ebering_ecumenical_altar_box

Skill      XL: |  1 |
---------------+----+-----
Dodging        | 2 |  2.0
Armour         | 2 |  2.0
Fighting       | |  3.2
Long Blades    | |  2.9

Action                   || total
-------------------------++-------
Melee: Falchion          ||    44
       Punch             ||     1
  Use: Scroll            ||     2
 Stab: Sleeping          ||     1
Armor: Animal skin       ||    27
Dodge: Dodged            ||    36
